 Dungeon Crawl Stone Soup version 0.30.1-3-gfc49f6343a (webtiles) character file.

Game seed: 13881056087750918702

55515 safid the Gelid (level 14, -7/122 (124) HPs)
             Began as a Merfolk Ice Elementalist on Aug 7, 2023.
             Was a High Priest of Vehumet.
             Mangled by an orc knight
             ... wielding a +0 halberd
              (16 damage)
             ... on level 1 of the Orcish Mines.
             The game lasted 00:50:38 (23618 turns).

safid the Gelid (Merfolk Ice Elementalist)         Turns: 23618, Time: 00:50:42

HP:   -7/122 (124)  AC: 27    Str:  8    XL:     14   Next: 77%
MP:   17/37         EV: 17    Int: 19    God:    Vehumet [*****.]
Gold: 1381          SH:  0    Dex: 12    Spells: 16/33 levels left

rFire   . . .        s - +9 flail "Koleigaw" {flame, rElec rC+ Dex-3 Stlth+}
rCold   + + .        (no shield)
rNeg    . . .        G - +2 robe {rC+}
rPois   +            p - +2 helmet
rElec   +            j - +2 cloak
rCorr   .            x - +2 pair of gloves
SInv    +            (no boots)
Will    +....        E - amulet of magic regeneration
Stlth   +++          y - +4 ring of protection
HPRegen 0.40/turn    q - ring of Cuiribes {rPois MP+9 SInv}
MPRegen 0.65/turn

%: no passive effects
@: ice-armoured, freezing walls, lightly drained
A: (nimble swimmer 2), mertail
a: Renounce Religion


You were on level 1 of the Orcish Mines.
You worshipped Vehumet.
Vehumet was extremely pleased with you.
You visited 4 branches of the dungeon, and saw 19 of its levels.

You collected 1705 gold pieces.
You spent 324 gold pieces at shops.

Inventory:

Hand Weapons
 s - the +9 flail "Koleigaw" (weapon) {flame, rElec rC+ Dex-3 Stlth+}
   (You found it on level 3 of the Lair of Beasts)

   Dex:       It affects your dexterity (-3).
   rC:        It protects you from cold.
   rElec:     It insulates you from electricity.
   Stlth:     It makes you more stealthy.
Missiles
 i - a curare-tipped dart
 u - 2 throwing nets
Armour
 j - a +2 cloak (worn)
 p - a +2 helmet (worn)
 x - a +2 pair of gloves (worn)
 G - a +2 robe of cold resistance (worn)
Jewellery
 q - the ring of Cuiribes (right hand) {rPois MP+9 SInv}
   (You acquired it on level 8 of the Dungeon)

   [ring of see invisible]

   rPois:     It protects you from poison.
   MP:        It affects your magic capacity (+9).
   SInv:      It lets you see invisible.
 y - a +4 ring of protection (left hand)
 E - an amulet of magic regeneration (around neck)
 H - a ring of protection from fire
Wands
 k - a wand of charming (15)
 m - a wand of roots (10)
 A - a wand of mindburst (6)
 B - a wand of flame (14)
Scrolls
 c - 2 scrolls of enchant armour
 f - a scroll of identify
 g - a scroll of amnesia
 r - 2 scrolls of teleportation
 v - 3 scrolls of fog
 z - 2 scrolls of magic mapping
 C - 4 scrolls of enchant weapon {unknown}
Potions
 a - 3 potions of magic
 b - 2 potions of might
 d - 2 potions of curing
 e - 2 potions of lignification
 l - 6 potions of haste
 o - a potion of heal wounds
 t - 4 potions of mutation
 w - 2 potions of flight {unknown}
 F - a potion of cancellation {unknown}
 I - a potion of berserk rage {unknown}
 J - a potion of degeneration {unknown}
Miscellaneous
 h - a lightning rod (4/4)
 D - a phantom mirror


   Skills:
 + Level 15.9 Fighting
 - Level 12.0 Dodging
 - Level 2.1 Stealth
 - Level 10.0 Spellcasting
 - Level 16.0 Ice Magic
 + Level 7.4 Evocations


You had 16 spell levels left.
You knew the following spells:

 Your Spells              Type           Power      Damage    Failure   Level
a - Freeze                Ice            100%       1d10      0%          1
b - Frozen Ramparts       Ice            100%       1d16      1%          3
c - Ozocubu's Armour      Ice            63%        N/A       1%          3
d - Hailstorm             Conj/Ice       39%        3d9       1%          3
e - Ozocubu's Refrigerat  Ice            31%        4d14      2%          7

Your spell library contained the following spells:

 Spells                   Type           Power      Damage    Failure   Level
 Sandblast                Erth           18%        2d7       2%          1
 Ice Form                 Ice/Tmut       39%        N/A       2%          4
 Summon Ice Beast         Ice/Summ       39%        N/A       2%          4
 Stone Arrow              Conj/Erth      18%        3d8       6%          3
 Slow                     Hex            36%        N/A       8%          1
 Metabolic Englaciation   Hex/Ice        19%        N/A       8%          5
 Passwall                 Tmut/Erth      7%         N/A       11%         2
 Confusing Touch          Hex            9%         N/A       22%         3
 Tukima's Dance           Hex            9%         N/A       22%         3
 Vampiric Draining        Necr           9%         2d6       22%         3
 Yara's Violent Unravell  Hex/Tmut       4%         3d4       45%         5
 Animate Dead             Necr           9%         N/A       58%         4
 Passage of Golubria      Tloc           9%         N/A       58%         4
 Petrify                  Tmut/Erth      9%         N/A       58%         4
 Borgnjor's Vile Clutch   Necr/Erth      4%         N/A       90%         5
 Silence                  Hex/Air        4%         N/A       90%         5
 Death Channel            Necr           4%         N/A       100%        6
 Statue Form              Tmut/Erth      6%         N/A       100%        6
 Lehudib's Crystal Spear  Conj/Erth      4%         10d3      100%        8


Dungeon Overview and Level Annotations

Branches:
Dungeon (11/15)            Temple (1/1) D:6            Lair (5/5) D:8
  Swamp (0/4) Lair:2        Snake (0/4) Lair:2        Slime (0/5) Lair:4
    Orc (2/2) D:11            Elf (0/3) Orc:2

Altars:
Cheibriados
Dithmenos
Elyvilon
Gozag
Hepliaklqana
Kikubaaqudgha
Makhleb
Nemelex Xobeh
Okawaru
Qazlal
Ru
Sif Muna
Trog
Uskayaw
Vehumet
Wu Jian
Xom
Yredelemnul
Zin
The Shining One
Jiyva

Shops:
D:3 ?

Annotations:
D:2 1 runed translucent door, Crazy Yiuf
Lair:2 Fannar
Lair:3 exclusion: oklob plant
Lair:4 1 runed translucent door, jsudlow's ghost, journeyman TrBe
Lair:5 Rupert


Innate Abilities, Weirdness & Mutations

((You are very nimble when in or above water. (Stealth+, EV+, Speed+++)))
Your lower body shifts to a powerful aquatic tail in water.


Message History

The orc knight barely misses you.
Your magical contamination has completely faded away.
The orc warrior hits you but does no damage.
The orc sorcerer hits you but does no damage.
The orc knight misses you.
Unknown command.
Casting: Ozocubu's Armour (safe; 1% risk of failure)
Confirm with . or Enter, or press ? or * to list all spells.
Casting: Frozen Ramparts (safe; 1% risk of failure)
Press: ? - help, Dir - look around, f - activate A stone staircase leading down, spattered with blood.
The walls around you are covered in ice.
The wall freezes the orc warrior.
The orc warrior hits you with a +0 flail!!
* * * LOW HITPOINT WARNING * * *
The wall freezes the orc sorcerer but does no damage.
The orc sorcerer gestures at you while chanting.
You resist with some effort.
The wall freezes the orc knight but does no damage.
The orc knight closely misses you.
Unknown command.
Unknown command.
Casting: Frozen Ramparts (safe; 1% risk of failure)
Confirm with . or Enter, or press ? or * to list all spells.
The heat is drained from your surroundings.
You kill the orc warrior!
Vehumet accepts your kill.
You feel your power returning.
The orc sorcerer is heavily wounded.
The wall freezes the orc sorcerer but does no damage.
The orc sorcerer hits you with a +0 dagger!
* * * LOW HITPOINT WARNING * * *
The wall freezes the orc knight.
The orc knight closely misses you.
The wall freezes the orc sorcerer!
The orc sorcerer casts a spell at you. The bolt of negative energy hits you!
You feel drained.
* * * LOW HITPOINT WARNING * * *
The wall freezes the orc knight.
The orc knight hits you with a +0 halberd!
You die...

#.......## ###
##.....)..### #.##
####....##.....## ...#
##........##.....#
#.##
###...............##
.##
##.##....#.....#####
..###...###.##[)[)..#
...#...#.######o)##.##
....#.>...# #o@#...#
...##....## #####.##
#......### ###
###.)..# #.....##
#....## ..#### ..###
....##


You could see an orc knight (strong) and an orc sorcerer (strong).

Vanquished Creatures
  An orc warlord (Orc:1)
  Snorg (Lair:3)
  A fire dragon (D:10)
  Josephine (Orc:1)
  3 hydras
  Erica (D:8)
  A boulder beetle (Lair:4)
  The ghost of SweetJohnnyV the Basher, a novice MiBe of Trog (D:11)
  5 two-headed ogres
  A centaur warrior (D:10)
  5 orc high priests
  2 skysharks
  Sonja (Orc:2)
  Amaemon (Lair:1)
  Nergalle (Lair:1)
  Pikel (D:6)
  An orc knight (Orc:1)
  A cyclops (D:10)
  3 ugly things (D:11)
  A manticore (D:11)
  2 black mambas
  6 orange demons
  9 elephants
  A kobold demonologist (D:9)
  7 komodo dragons
  11 cane toads
  3 rime drakes
  2 red devils (D:11)
  2 polar bears
  A troll (Orc:1)
  Prince Ribbit (D:8)
  13 dream sheep
  4 blink frogs (Lair:1)
  A vampire (D:9)
  A centaur simulacrum (D:11)
  6 wyverns
  6 wraiths
  2 shadows
  39 yaks
  5 basilisks
  2 steam dragons
  A naga (Lair:2)
  2 acid dragons
  A warg (Orc:1)
  9 water moccasins
  A swamp drake (Lair:2)
  32 orc warriors
  2 sky beasts
  13 ice beasts
  4 black bears
  11 ogres
  16 wolves
  2 centaurs
  2 kobold brigands
  8 bullfrogs
  A gnoll sergeant (D:8)
  3 scorpions
  13 wights
  8 killer bees (D:9)
  6 electric eels
  2 howler monkeys (D:10)
  A lava snake (Lair:2)
  A gnoll bouda (D:10)
  5 hounds
  22 orc priests
  2 jellies
  A sleepcap (D:6)
  7 iguanas
  20 orc wizards
  17 gnolls
  13 adders
  A shadow imp (D:6)
  A white imp (D:5)
  An ufetubus (D:6)
  A worm (D:3)
  3 dart slugs
  69 orcs
  7 endoplasms
  6 giant cockroaches
  5 goblins
  4 hobgoblins
  10 jackals
  8 quokkas
  8 ball pythons
  3 bats
  2 frilled lizards
  16 kobolds
  4 rats
532 creatures vanquished.

Vanquished Creatures (others)
  An orc wizard (Orc:2)
1 creature vanquished.

Grand Total: 533 creatures vanquished

Notes
Turn   | Place    | Note
-------+----------+-------------------------------------------
     0 | D:1      | safid the Merfolk Ice Elementalist began the quest for the
                  | Orb.
     0 | D:1      | Reached XP level 1. HP: 13/13 MP: 3/3
   330 | D:1      | Reached XP level 2. HP: 20/20 MP: 5/5
   361 | D:1      | Reached skill level 1 in Fighting
   889 | D:2      | Reached XP level 3. HP: 6/26 MP: 2/6
  1153 | D:2      | Learned a level 3 spell: Frozen Ramparts
  1157 | D:2      | Learned a level 3 spell: Ozocubu's Armour
  1353 | D:2      | Reached skill level 5 in Ice Magic
  1429 | D:2      | Reached XP level 4. HP: 32/33 MP: 4/8
  1945 | D:2      | Found a runed translucent door.
  1946 | D:2      | Noticed Crazy Yiuf
  1987 | D:3      | You fall into a shaft and drop 3 floors!
  1989 | D:6      | Found a shimmering blue altar of Sif Muna.
  2026 | D:6      | Found a sparkling altar of Nemelex Xobeh.
  2036 | D:6      | Noticed Pikel
  2036 | D:6      | Noticed a lemure
  2036 | D:6      | Noticed a lemure
  2037 | D:6      | Noticed a lemure
  2043 | D:6      | Noticed a lemure
  2046 | D:6      | Reached XP level 5. HP: 31/39 MP: 2/9
  2057 | D:6      | HP: 2/40 [Pikel/+1 whip of electrocution (7)]
  2059 | D:6      | Killed Pikel
  2060 | D:6      | Reached skill level 6 in Ice Magic
  2060 | D:6      | Reached XP level 6. HP: 3/49 MP: 1/12
  2060 | D:6      | Reached XP level 7. HP: 3/55 MP: 1/13
  2205 | D:6      | Reached skill level 5 in Fighting
  2254 | D:6      | Found a staircase to the Ecumenical Temple.
  2261 | Temple   | Entered the Ecumenical Temple
  2270 | Temple   | Became a worshipper of Vehumet
  2319 | D:6      | Reached skill level 7 in Ice Magic
  2418 | D:6      | Reached skill level 5 in Spellcasting
  2418 | D:6      | Reached XP level 8. HP: 63/63 MP: 12/15
  2511 | D:5      | Entered Level 5 of the Dungeon
  2786 | D:3      | Reached * piety under Vehumet
  2786 | D:3      | Offered knowledge of Shock by Vehumet.
  3357 | D:3      | Found Sulul's Magic Scroll Emporium.
  3430 | D:3      | Bought a scroll of identify for 26 gold pieces
  3430 | D:3      | Bought a scroll of identify for 26 gold pieces
  3430 | D:3      | Bought a scroll of identify for 26 gold pieces
  3430 | D:3      | Bought a scroll of noise for 13 gold pieces
  3430 | D:3      | Bought a scroll of teleportation for 39 gold pieces
  3452 | D:3      | Reached ** piety under Vehumet
  3604 | D:4      | Offered knowledge of Magic Dart by Vehumet.
  3755 | D:4      | Found an ancient bone altar of Kikubaaqudgha.
  4255 | D:4      | Found an opulent altar of Gozag.
  4358 | D:5      | Reached skill level 8 in Ice Magic
  4650 | D:5      | Found an iron altar of Okawaru.
  4681 | D:5      | Reached XP level 9. HP: 51/72 MP: 18/18
  5023 | D:5      | Found a burning altar of Makhleb.
  5061 | D:5      | Found a basalt altar of Yredelemnul.
  5181 | D:3      | Bought a scroll of blinking for 97 gold pieces
  5533 | D:3      | Bought a scroll of blinking for 97 gold pieces
  5771 | D:6      | Got Sif Muna's Precepts of the Jinx
  5808 | D:6      | Offered knowledge of Dazzling Flash by Vehumet.
  6108 | D:6      | Reached skill level 9 in Ice Magic
  6533 | D:7      | Reached *** piety under Vehumet
  7134 | D:7      | Offered knowledge of Airstrike by Vehumet.
  7166 | D:7      | Reached XP level 10. HP: 76/82 MP: 4/21
  7295 | D:7      | Reached skill level 5 in Dodging
  7717 | D:8      | Reached skill level 10 in Ice Magic
  7961 | D:8      | Identified a scroll of acquirement
  7962 | D:8      | Acquired the ring of Cuiribes {rPois MP+9 SInv}
  8179 | D:8      | Noticed Erica
  8187 | D:8      | HP: 2/83 [polar bear (16)]
  8190 | D:8      | Found a staircase to the Lair.
  8666 | D:8      | Reached **** piety under Vehumet
  9077 | D:8      | Found a hazy altar of Hepliaklqana.
  9231 | D:8      | Killed Erica
  9344 | D:8      | Noticed Prince Ribbit
  9357 | D:8      | Offered knowledge of Fireball by Vehumet.
  9358 | D:8      | Reached XP level 11. HP: 77/90 MP: 23/23
  9358 | D:8      | Killed Prince Ribbit
  9359 | D:8      | Reached skill level 10 in Fighting
  9359 | D:8      | Reached skill level 11 in Ice Magic
 10043 | D:9      | Noticed a two-headed ogre
 10049 | D:9      | Killed a two-headed ogre
 10446 | D:9      | Found a shadowy altar of Dithmenos.
 10446 | D:9      | Found a glowing silver altar of Zin.
 10647 | D:10     | Entered Level 10 of the Dungeon
 10766 | D:10     | Reached ***** piety under Vehumet
 10769 | D:10     | Offered knowledge of Spellforged Servitor by Vehumet.
 10871 | D:10     | Noticed a two-headed ogre
 10877 | D:10     | Killed a two-headed ogre
 10903 | D:10     | Noticed a fire dragon
 10912 | D:10     | Noticed a centaur warrior
 10912 | D:10     | HP: 4/92 [fire dragon (10)]
 10913 | D:10     | Killed a fire dragon
 10914 | D:10     | Reached skill level 12 in Ice Magic
 11397 | D:10     | Identified the +1 chain mail of the Arcane {rCorr}
 11434 | D:10     | Killed a centaur warrior
 11578 | D:10     | Reached XP level 12. HP: 100/100 MP: 25/25
 12087 | Lair:1   | Entered Level 1 of the Lair of Beasts
 12316 | Lair:1   | Noticed Nergalle
 12548 | Lair:1   | Noticed Amaemon
 12563 | Lair:1   | Killed Amaemon
 12570 | Lair:1   | Reached skill level 13 in Ice Magic
 12572 | Lair:1   | Reached skill level 10 in Spellcasting
 13168 | Lair:1   | Noticed a four-headed hydra
 13178 | Lair:1   | Killed a four-headed hydra
 13405 | Lair:1   | Killed Nergalle
 13876 | Lair:2   | Reached skill level 14 in Ice Magic
 14211 | Lair:2   | Reached XP level 13. HP: 83/112 MP: 27/27
 14326 | Lair:2   | Noticed Fannar
 14389 | Lair:2   | Found a staircase to the Swamp.
 14454 | Lair:2   | Found a staircase to the Snake Pit.
 15177 | Lair:3   | Identified the +9 flail "Koleigaw" {flame, rElec rC+ Dex-3
                  | Stlth+}
 15898 | Lair:3   | Noticed Snorg
 15912 | Lair:3   | Killed Snorg
 16433 | Lair:3   | Found a hide-covered altar of Uskayaw.
 16491 | Lair:4   | Reached skill level 15 in Ice Magic
 16859 | Lair:4   | Found a runed translucent door.
 16864 | Lair:4   | Found a shimmering altar of Xom.
 16864 | Lair:4   | Noticed jsudlow's ghost (journeyman TrBe)
 17282 | Lair:4   | Reached skill level 10 in Dodging
 17363 | Lair:4   | Learned a level 3 spell: Hailstorm
 17689 | Lair:4   | Found a viscous altar of Jiyva.
 17692 | Lair:4   | Found a staircase to the Slime Pits.
 17869 | Lair:4   | Reached skill level 1 in Evocations
 18127 | Lair:5   | Entered Level 5 of the Lair of Beasts
 18916 | Lair:5   | Noticed Rupert
 19585 | D:11     | Found a staircase to the Orcish Mines.
 19612 | D:11     | Reached XP level 14. HP: 37/121 MP: 28/28
 19619 | D:11     | Reached skill level 16 in Ice Magic
 19620 | D:11     | Offered knowledge of Eringya's Noxious Bog by Vehumet.
 20560 | D:11     | Found a runed translucent gate.
 20560 | D:11     | Found a runed translucent gate.
 20564 | D:11     | Found a runed translucent gate.
 20593 | D:11     | Noticed SweetJohnnyV's ghost (novice MiBe)
 20807 | Orc:1    | Entered Level 1 of the Orcish Mines
 21152 | D:11     | Killed SweetJohnnyV's ghost
 21153 | D:11     | Reached skill level 15 in Fighting
 21153 | D:11     | Reached skill level 5 in Evocations
 21424 | D:11     | Identified the ring "Toewn" {Fire Int+4}
 21805 | Orc:1    | Found an iron altar of Okawaru.
 21937 | Orc:2    | Entered Level 2 of the Orcish Mines
 21937 | Orc:2    | Noticed Sonja
 21937 | Orc:2    | Found a staircase to the Elven Halls.
 21945 | Orc:2    | Killed Sonja
 22336 | Orc:1    | Offered knowledge of Ozocubu's Refrigeration by Vehumet.
 22349 | Orc:1    | Learned a level 7 spell: Ozocubu's Refrigeration
 22395 | Orc:2    | Noticed an orc warlord
 22396 | Orc:2    | Noticed Josephine
 22524 | Orc:1    | Killed Josephine
 22679 | Orc:1    | Killed an orc warlord
 23377 | Orc:2    | Paralysed by an orc sorcerer for 2 turns
 23618 | Orc:1    | Mangled by an orc knight

Illustrated notes

Levels and vault maps discovered:
D:1:      minmay_arrival_nine_rooms, layout_loops_ring, st_stairs_10,
          minmay_tetromino_l2
D:2:      kb_forest_paths, layout_loops_cross, serial_glass, glass_columns_a,
          glass_columns_b, basic_altar, minmay_shallow_snake_nest,
          uniq_crazy_yiuf_cottage
D:3:      layout_loops_ring, serial_shops, nicolae_shop_crystal,
          gup_sewer_entry_pipe
D:4:      layout_basic, mainiacjoe_overflow_paths,
          mainiacjoe_overflow_surrounded_room
D:5:      layout_cave_pools, marbit_many_paths, lightli_temple_of_fire,
          kennysheep_little_box
D:6:      layout_loops_corners, nemelex_xobeh_ov_fountains_minmay, led_sif_book,
          minmay_temple_entry_fiery, minmay_statues_item, kennysheep_diamond,
          uniq_pikel
D:7:      layout_loops_ring, kennysheep_generic_room_16
D:8:      layout_gridville, nicolae_hepliaklqana_hazy_memory,
          hellmonk_lair_entry_icy, nicolae_fountain_basement, uniq_erica,
          uniq_prince_ribbit1
D:9:      layout_basic, gammafunk_temple_overflow_elements, minivault_5
D:10:     minmay_chambers_of_sixes, layout_cave_pods
D:11:     layout_basic, david_orc_3, gammafunk_ghost_icy,
          minmay_beelzebubs_servants
Temple:   nicolae_temple_ecumenical_triangle
Lair:1:   layout_gridlike, uniq_amaemon, uniq_nergalle
Lair:2:   layout_gridlike, minmay_swamp_entry_reptiles,
          guppyfry_snake_entry_garden, uniq_fannar
Lair:3:   layout_regular_city, lemuel_oklob_altar, lemuel_fruit_fields,
          serial_bayou_shore_a, infiniplex_staircase_pool_2, uniq_snorg
Lair:4:   layout_cave_pods, slime_entry_1, ebering_ghost_xom,
          lemuel_fruit_fields, serial_bayou_shore_b
Lair:5:   grunt_lair_end_beastmaster, layout_gridlike, minmay_lindwurm_lava,
          uniq_rupert
Orc:1:    layout_diamond_mine, okawaru_metal_pillars_1_2
Orc:2:    st_orc_congregation, layout_caves, uniq_sonja, uniq_josephine

Skill      XL: |  1  2  3  4  5  6  7  8  9 10 11 12 13 14 |
---------------+-------------------------------------------+-----
Fighting       | 1 2 4 5 7 8 9 11 13 14 15 | 15.9
Ice Magic      | 5 6 7 8 9 10 12 14 15 16 | 16.0
Spellcasting   | 3 4 5 6 7 8 9 10 | 10.0
Dodging        | 4 7 8 11 12 | 12.0
Evocations     | 3 7 |  7.4
Stealth        | |  2.1

Action                     |  1- 3 |  4- 6 |  7- 9 | 10-12 | 13-15 || total
---------------------------+-------+-------+-------+-------+-------++-------
  Melee: Whip              |    41 |    25 |   119 |       |       ||   185
         Punch             |     1 |       |     6 |     6 |     5 ||    18
         Mace              |       |       |   140 |       |       ||   140
         Tailslap          |       |       |     1 |     4 |     3 ||     8
         War axe           |       |       |    27 |   340 |    38 ||   405
         Flail             |       |       |       |       |   279 ||   279
   Cast: Freeze            |    39 |    24 |    14 |    35 |    46 ||   158
         Frozen Ramparts   |       |     2 |    34 |    69 |    69 ||   174
         Ozocubu's Armour  |       |     2 |    33 |    64 |    69 ||   168
         Hailstorm         |       |       |       |       |    13 ||    13
         Ozocubu's Refrige |       |       |       |       |    20 ||    20
  Evoke: Wand              |       |       |       |       |     1 ||     1
    Use: Potion            |     2 |     1 |     3 |     2 |     2 ||    10
         Scroll            |       |       |     7 |    10 |     8 ||    25
   Stab: Sleeping          |     4 |       |     7 |       |       ||    11
         Distracted        |       |       |     1 |       |       ||     1
 Armour: Robe              |    12 |     6 |   167 |   315 |   295 ||   795
  Dodge: Dodged            |    44 |    33 |   231 |   510 |   543 ||  1361
